[Event "DMP-III LIGA Senior PK 2020"]
[Site "Bystre"]
[Date "2020.07.08"]
[Round "1.2"]
[White "Socha, Kamil"]
[Black "Marciniak, Leonard"]
[Result "1/2-1/2"]
[ECO "A49"]
[WhiteElo "1817"]
[BlackElo "1672"]
[Annotator "NA RC"]
[PlyCount "66"]
[EventDate "2020.07.05"]
[EventType "team-tourn"]
[EventCountry "POL"]
[SourceTitle "playchess.com"]
[Source "ChessBase"]
[SourceQuality "1"]
[TimeControl "5400+30"]

1. d4 Nf6 2. Nf3 g6 3. g3 Bg7 4. Bg2 O-O 5. O-O d6 6. b3 Nbd7 7. Bb2 c5 8. c4 cxd4 9. Nxd4 Qc7 10. Nc3 a6 11. e4 Nc5 12. h3 e5 13. Nc2 Bd7 14. Ne3 $11 Bc6 15. Ned5 Bxd5 16. Nxd5 Nxd5 17. Qxd5 Ne6 18. Qd3 Nd4 19. f4 Qb6 20. Kh1 f5 21. Bxd4 exd4 22. Rae1 fxe4 23. Rxe4 Rae8 24. Rfe1 Qd8 25. Qe2 Rxe4 26. Qxe4 b6 27. Kh2 Bf6 28. Qd5+ Kg7 29. Re6 Rf7 30. Rxd6 Qc7 31. Be4 Re7 32. Rd8 Rf7 33. Rd6 Re7 1/2-1/2

[Event "DMP-III LIGA Senior PK 2020"]
[Site "Bystre"]
[Date "2020.07.08"]
[Round "1.4"]
[White "Korys, Dawid"]
[Black "Karas, Kacper"]
[Result "1/2-1/2"]
[ECO "D10"]
[WhiteElo "1343"]
[BlackElo "1150"]
[Annotator "NA RC"]
[PlyCount "44"]
[EventDate "2020.07.05"]
[EventType "team-tourn"]
[EventCountry "POL"]
[SourceTitle "playchess.com"]
[Source "ChessBase"]
[SourceQuality "1"]
[TimeControl "5400+30"]

1. d4 d5 2. Nf3 Nf6 3. c4 c6 4. cxd5 cxd5 5. Bg5 Ne4 6. Nc3 Nxg5 7. Nxg5 e6 8. Nf3 Bd6 9. e3 Nd7 10. Bd3 Nf6 11. h3 Bd7 12. O-O O-O 13. e4 dxe4 14. Nxe4 Be7 15. Ne5 Rc8 16. Qb3 Bc6 17. Nxc6 bxc6 18. Qc4 Nxe4 19. Bxe4 c5 20. Rad1 cxd4 21. Qxd4 Qxd4 22. Rxd4 Bc5 1/2-1/2

[Event "DMP-III LIGA Senior PK 2020"]
[Site "Bystre"]
[Date "2020.07.08"]
[Round "1.5"]
[White "Mastej, Krzysztof"]
[Black "Medrygal, Rafal"]
[Result "0-1"]
[ECO "C54"]
[WhiteElo "1303"]
[BlackElo "1258"]
[Annotator "NA"]
[PlyCount "74"]
[EventDate "2020.07.05"]
[EventType "team-tourn"]
[EventCountry "POL"]
[SourceTitle "playchess.com"]
[Source "ChessBase"]
[SourceQuality "1"]
[TimeControl "5400+30"]

1. e4 e5 2. Nf3 Nc6 3. Bc4 Bc5 4. c3 Nf6 5. d4 exd4 6. cxd4 Bb4+ 7. Nc3 Bxc3+ 8. bxc3 Nxe4 9. O-O O-O 10. Re1 d5 11. Bd3 Re8 12. Qc2 Bf5 13. Rb1 Rb8 14. Bf4 Bg6 15. Ne5 Nxe5 16. Bxe5 Nf6 17. Bg3 Qd7 18. h3 Ne4 19. Be5 a6 20. f3 Nd6 21. Bxd6 Rxe1+ 22. Rxe1 Qxd6 23. Bxg6 hxg6 24. Kf2 c5 25. Qb3 c4 26. Qb2 b5 27. a3 Kf8 28. g3 Re8 29. Ra1 Qe6 30. g4 Qe3+ 31. Kg3 Qd3 32. Qb4+ Kg8 33. a4 Re3 34. Qd6 Rxf3+ 35. Kg2 Qe2+ 36. Kg1 Qf2+ 37. Kh1 Rxh3+ 0-1

[Event "DMP-III LIGA Senior PK 2020"]
[Site "Bystre"]
[Date "2020.07.08"]
[Round "1.6"]
[White "Trybowska, Anna"]
[Black "Uliasz, Katarzyna"]
[Result "1-0"]
[ECO "E61"]
[WhiteElo "1583"]
[BlackElo "1386"]
[Annotator "NA RC"]
[PlyCount "67"]
[EventDate "2020.07.05"]
[EventType "team-tourn"]
[EventCountry "POL"]
[SourceTitle "playchess.com"]
[Source "ChessBase"]
[SourceQuality "1"]
[TimeControl "5400+30"]

1. d4 Nf6 2. c4 g6 3. Nc3 Bg7 4. Nf3 O-O 5. Bg5 d6 6. e4 Nbd7 7. Bd3 e5 8. d5 Nc5 9. Bc2 a5 10. a3 h6 11. Be3 Nh5 12. Qd2 Kh7 13. h3 g5 14. g3 Qf6 15. Bd1 Qg6 16. Bxc5 dxc5 17. Qe2 g4 18. Nh4 Qb6 19. Na4 Qd6 20. hxg4 Nf6 21. g5 Ng8 22. Nf5 Bxf5 23. exf5 b5 24. f6 Nxf6 25. gxf6 Bxf6 26. Bc2+ Kg7 27. Qe4 Rh8 28. cxb5 Bg5 29. Nc3 Raf8 30. Qf5 c4 31. Rd1 Rb8 32. Ne4 Qe7 33. Nxg5 hxg5 34. Rh7+ 1-0

[Event "DMP-III LIGA Senior PK 2020"]
[Site "Bystre"]
[Date "2020.07.08"]
[Round "1.8"]
[White "Mazurkiewicz, Andrzej"]
[Black "Dobrzanski, Krzysztof"]
[Result "1-0"]
[ECO "E91"]
[WhiteElo "1608"]
[BlackElo "1722"]
[Annotator "NA RC"]
[PlyCount "101"]
[EventDate "2020.07.05"]
[EventType "team-tourn"]
[EventCountry "POL"]
[SourceTitle "playchess.com"]
[Source "ChessBase"]
[SourceQuality "1"]
[TimeControl "5400+30"]

1. d4 Nf6 2. c4 g6 3. Nc3 Bg7 4. Nf3 d6 5. e4 O-O 6. Be2 c5 7. d5 Bg4 8. O-O Nbd7 9. h3 Bxf3 10. Bxf3 Nb6 11. Be2 Nfd7 12. Qc2 a6 13. Rb1 e5 14. a3 Rb8 15. Bd2 Qe7 16. Nd1 Nf6 17. Ne3 Nbd7 18. a4 Bh6 19. Nf5 gxf5 20. Bxh6 Nxe4 21. Bxf8 Rxf8 22. Bd3 Ndf6 23. Kh2 Ng5 24. Bxf5 e4 25. Qc3 h6 26. Rbe1 Re8 27. Re3 Qd8 28. h4 Ngh7 29. Rg3+ Kh8 30. Re1 Re5 31. Bxh7 Kxh7 32. Kg1 Nh5 33. Rh3 Nf4 34. Rh2 f5 35. Re3 Nh5 36. Qc2 Qe7 37. f3 Nf6 38. f4 Ng4 39. Rhh3 Nxe3 40. Rxe3 Qxh4 41. fxe5 dxe5 42. Qf2 Qg5 43. Rb3 Qg4 44. Rxb7+ Kg8 45. b4 Qd1+ 46. Qf1 Qd4+ 47. Kh1 e3 48. bxc5 Qh4+ 49. Kg1 Qd4 50. Qe2 f4 51. Qg4+ 1-0

[Event "DMP-III LIGA Senior PK 2020"]
[Site "Bystre"]
[Date "2020.07.08"]
[Round "1.9"]
[White "Palacki, Rafal"]
[Black "Chowaniec, Artur"]
[Result "1-0"]
[ECO "B97"]
[WhiteElo "1755"]
[BlackElo "1530"]
[Annotator "NA RC"]
[PlyCount "83"]
[EventDate "2020.07.05"]
[EventType "team-tourn"]
[EventCountry "POL"]
[SourceTitle "playchess.com"]
[Source "ChessBase"]
[SourceQuality "1"]
[TimeControl "5400+30"]

1. e4 c5 2. Nf3 d6 3. d4 cxd4 4. Nxd4 Nf6 5. Nc3 a6 6. Bg5 e6 7. f4 Qb6 8. Qd2 Nc6 9. Nb3 h6 10. Bh4 Be7 11. O-O-O Qc7 12. Bxf6 gxf6 13. f5 Bd7 14. Be2 h5 15. g4 h4 16. h3 O-O-O 17. Kb1 Kb8 18. Qf4 Ne5 19. Rd4 Qb6 20. Rhd1 Nc6 21. R4d2 Bf8 22. fxe6 Bxe6 23. Qxf6 Be7 24. Qf4 Rhg8 25. Qh2 Ne5 26. Nd4 Bg5 27. Na4 Qc7 28. Nxe6 fxe6 29. Rd4 Qa5 30. Rxd6 Rxd6 31. Rxd6 Ka8 32. Nb6+ Ka7 33. Qf2 Kb8 34. a3 Be7 35. Rxe6 Rf8 36. Qh2 Qe1+ 37. Ka2 Rf2 38. Qxe5+ Ka7 39. Nc8+ Ka8 40. Nb6+ Ka7 41. Nd7 Qxe2 42. Qb8# 1-0

[Event "DMP-III LIGA Senior PK 2020"]
[Site "Bystre"]
[Date "2020.07.08"]
[Round "1.10"]
[White "Wrobel, Dariusz"]
[Black "Zajac, Karol"]
[Result "0-1"]
[ECO "C50"]
[WhiteElo "1427"]
[BlackElo "1652"]
[Annotator "NA RC"]
[PlyCount "66"]
[EventDate "2020.07.05"]
[EventType "team-tourn"]
[EventCountry "POL"]
[SourceTitle "playchess.com"]
[Source "ChessBase"]
[SourceQuality "1"]
[TimeControl "5400+30"]

1. e4 e5 2. Nf3 Nc6 3. Bc4 Bc5 4. O-O Nf6 5. d4 Bxd4 6. Nxd4 Nxd4 7. f4 d6 8. fxe5 dxe5 9. Bg5 Qe7 10. Nc3 Qc5 11. Bxf6 gxf6 12. Bxf7+ Kxf7 13. Qh5+ Kg7 14. Kh1 Be6 15. Rf2 Raf8 16. Raf1 c6 17. Qh4 Rf7 18. Rxf6 Rhf8 19. Qh6+ Kg8 20. g4 Rxf6 21. Rxf6 Rxf6 22. Qxf6 Qf8 23. Qg5+ Qg7 24. Qd8+ Kf7 25. g5 Kg6 26. h4 Kh5 27. Kh2 Kxh4 28. g6+ Kg4 29. Nd1 Qh6+ 30. Kg1 Kg3 31. gxh7 Qh2+ 32. Kf1 Bc4+ 33. Ke1 Nf3# 0-1

[Event "DMP-III LIGA Senior PK 2020"]
[Site "Bystre"]
[Date "2020.07.08"]
[Round "1.11"]
[White "Materniak, Aleksander"]
[Black "Kielb, Miroslaw"]
[Result "1/2-1/2"]
[ECO "C78"]
[WhiteElo "1660"]
[BlackElo "1394"]
[Annotator "NA RC"]
[PlyCount "86"]
[EventDate "2020.07.05"]
[EventType "team-tourn"]
[EventCountry "POL"]
[SourceTitle "playchess.com"]
[Source "ChessBase"]
[SourceQuality "1"]
[TimeControl "5400+30"]

1. e4 e5 2. Nf3 Nc6 3. Bb5 a6 4. Ba4 Nf6 5. O-O b5 6. Bb3 Bc5 7. Re1 O-O 8. c3 d6 9. h3 Be6 10. Bc2 Ne7 11. d4 exd4 12. cxd4 Bb6 13. Nbd2 h6 14. Nf1 Ng6 15. Ne3 d5 16. e5 Ne4 17. Nxd5 Nxf2 18. Nf6+ gxf6 19. Kxf2 Kg7 20. Be3 fxe5 21. dxe5 Qxd1 22. Raxd1 Bxe3+ 23. Rxe3 Nf4 24. Re4 Nd5 25. Red4 c6 26. Be4 f5 27. exf6+ Rxf6 28. g4 Raf8 29. Kg3 Nf4 30. R4d2 Bd5 31. Bf5 Bxf3 32. Kxf3 Nxh3 33. Rd7+ R8f7 34. Rxf7+ Rxf7 35. Rd6 Ng5+ 36. Ke3 Rf6 37. Rd7+ Rf7 38. Rd6 Rf6 39. Rd7+ Rf7 40. Rd6 Rf6 41. Rxf6 Kxf6 42. Bc8 a5 43. Bd7 Ne6 1/2-1/2

[Event "DMP-III LIGA Senior PK 2020"]
[Site "Bystre"]
[Date "2020.07.08"]
[Round "1.12"]
[White "Wolak, Julia"]
[Black "Tarsa, Joanna"]
[Result "1/2-1/2"]
[ECO "B32"]
[WhiteElo "1516"]
[BlackElo "1574"]
[Annotator "NA RC"]
[PlyCount "50"]
[EventDate "2020.07.05"]
[EventType "team-tourn"]
[EventCountry "POL"]
[SourceTitle "playchess.com"]
[Source "ChessBase"]
[SourceQuality "1"]
[TimeControl "5400+30"]

1. e4 c5 2. Nf3 Nc6 3. d4 cxd4 4. Nxd4 e5 5. Nb5 d6 6. Be2 Nf6 7. Bg5 Be7 8. N1c3 a6 9. Na3 b5 10. Nd5 Nxe4 11. Nxe7 Nxe7 12. Bf3 Bb7 13. O-O O-O 14. c4 b4 15. Nc2 a5 16. Ne3 Qd7 17. Bxe7 Qxe7 18. Nf5 Qg5 19. Bxe4 Bxe4 20. Ng3 Qg6 21. Nxe4 Qxe4 22. Qxd6 Rfd8 23. Qe7 Re8 24. Qc5 Rec8 25. Qe7 Re8 1/2-1/2

[Event "DMP-III LIGA Senior PK 2020"]
[Site "Bystre"]
[Date "2020.07.08"]
[Round "1.16"]
[White "Lach, Tomasz"]
[Black "Wojciechowski, Beniamin"]
[Result "1/2-1/2"]
[ECO "D00"]
[WhiteElo "1833"]
[BlackElo "1835"]
[Annotator "NA RC"]
[PlyCount "131"]
[EventDate "2020.07.05"]
[EventType "team-tourn"]
[EventCountry "POL"]
[SourceTitle "playchess.com"]
[Source "ChessBase"]
[SourceQuality "1"]
[TimeControl "5400+30"]

1. d4 d5 2. Bf4 Nf6 3. e3 Bf5 4. c4 c6 5. Qb3 Qc8 6. Nc3 {[%emt 0:00:46] D10: Slav Defence: 3 cxd5 (without early Nf3) and 3 Nc3.} e6 7. Nf3 Be7 8. Be2 Nbd7 9. h3 h6 10. O-O O-O 11. Rac1 Nb6 12. Ne5 Ne4 13. Nxe4 Bxe4 14. f3 {[%emt 0:08:06] [#]} dxc4 $146 ({Predecessor:} 14... Bh7 15. c5 Nd7 16. Nxd7 Qxd7 17. a4 Rfe8 18. Bd3 Bxd3 19. Qxd3 Bf6 20. Be5 Bg5 {0-1 (54) Cisneros,G (2034)-Schuster,C (2265) Vicente Lopez 2016}) 15. Nxc4 Nxc4 16. Bxc4 Bd5 17. e4 Bxc4 18. Rxc4 Rd8 19. Rd1 Rd7 20. Rc3 Qd8 21. Rcd3 Qb6 22. Qxb6 axb6 23. a3 Rad8 24. Kf1 Bf6 25. e5 Be7 26. Ke2 Ra8 27. Be3 b5 28. f4 Rd5 29. g4 Kh7 30. f5 Rad8 31. b4 R5d7 32. fxe6 fxe6 33. Rf1 Kg8 34. Rc3 Ra8 35. Kd3 Rdd8 36. Ke2 Ra4 37. Rd3 Rf8 38. Rxf8+ Kxf8 39. Bc1 Ra8 40. Rf3+ Kg8 41. Kd3 Rd8 42. Ke4 Rd7 43. Be3 Rd8 44. Bf2 Rf8 45. Rxf8+ Kxf8 46. h4 Kf7 47. Kd3 g6 48. h5 Bg5 49. Kc2 Bf4 50. Kb3 Bg5 51. a4 gxh5 52. gxh5 Ke7 53. axb5 cxb5 54. Kc3 Kd7 55. Kd3 Kc7 (55... Kc6 $11) 56. Be3 ({White should try} 56. Be1 $16) 56... Bxe3 57. Kxe3 Kd7 58. Ke4 Kc6 59. d5+ exd5+ 60. Kd4 b6 61. e6 Kd6 62. e7 $11 Kxe7 63. Kxd5 Kd7 64. Ke5 Ke7 65. Kf5 Kf7 66. Ke5 1/2-1/2

[Event "DMP-III LIGA Senior PK 2020"]
[Site "Bystre"]
[Date "2020.07.08"]
[Round "1.17"]
[White "Borukalo, Zdzislaw"]
[Black "Lach, Mateusz"]
[Result "0-1"]
[ECO "C02"]
[WhiteElo "1679"]
[BlackElo "1674"]
[Annotator "NA RC"]
[PlyCount "128"]
[EventDate "2020.07.05"]
[EventType "team-tourn"]
[EventCountry "POL"]
[SourceTitle "playchess.com"]
[Source "ChessBase"]
[SourceQuality "1"]
[TimeControl "5400+30"]

1. e4 e6 2. d4 d5 3. e5 c5 4. c3 Nc6 5. Nf3 a6 6. a3 c4 7. g3 b5 8. Nbd2 Bd7 9. h4 a5 10. Bg2 h6 11. O-O a4 12. Ne1 Qc7 13. Nc2 O-O-O 14. f4 f5 15. Nf3 Be8 16. Qe1 Bh5 17. Be3 Re8 18. Nd2 Be7 19. Bf3 Bf7 20. Qe2 Qd8 21. h5 g5 22. hxg6 Bxg6 23. Bh5 Bxh5 24. Qxh5 Bf8 25. Nb4 Nxb4 26. axb4 Re7 27. Kf2 Qe8 28. Qf3 Rg7 29. b3 cxb3 30. Nxb3 h5 31. Rh1 Rg4 32. Nc5 h4 33. gxh4 Rgxh4 34. Rxh4 Rxh4 35. Rh1 Rxh1 36. Qxh1 Nh6 37. Bc1 Bxc5 38. bxc5 Ng4+ 39. Kf3 Qf8 40. Qh5 Kd8 41. Qh7 Qh6 42. Qxh6 Nxh6 43. Ba3 Ng8 44. Ke3 Ne7 45. Kf3 Nc6 46. Ke3 Na5 47. Kd3 Nc4 48. Bc1 Kc7 49. Kc2 Kb7 50. Bd2 Ka6 51. Bc1 Ka7 52. Kb1 Kb7 53. Ka2 Ka6 54. Kb1 Ka5 55. Ka2 b4 56. cxb4+ Kxb4 57. c6 Nb6 58. Ba3+ Kb5 59. c7 Kc6 60. Bd6 Kb7 61. Ka3 Nc4+ 62. Kxa4 Nb2+ 63. Kb5 Nd3 64. c8=Q+ Kxc8 0-1

[Event "DMP-III LIGA Senior PK 2020"]
[Site "Bystre"]
[Date "2020.07.08"]
[Round "1.18"]
[White "Wladyka, Angelika"]
[Black "Krzysztynska, Anna"]
[Result "0-1"]
[ECO "C50"]
[WhiteElo "1601"]
[BlackElo "1857"]
[Annotator "NA RC"]
[PlyCount "96"]
[EventDate "2020.07.05"]
[EventType "team-tourn"]
[EventCountry "POL"]
[SourceTitle "playchess.com"]
[Source "ChessBase"]
[SourceQuality "1"]
[TimeControl "5400+30"]

1. e4 e5 2. Nf3 Nc6 3. Bc4 Bc5 4. d3 Nf6 5. Nc3 d6 6. h3 O-O 7. O-O Be6 8. Bb3 a6 {[%emt 0:05:57] C50: Hungarian Defence and Giuoco Pianissimo.} 9. Bg5 h6 10. Bh4 {[%emt 0:08:28] [#]} g5 $146 ({Predecessor:} 10... Bxb3 11. axb3 Qe7 12. Nd5 Qe6 13. Nxc7 Qe7 14. Nxa8 Rxa8 15. Nh2 Qe6 16. Bxf6 Qxf6 17. Nf3 Rc8 18. Nh2 Ba7 19. Qf3 {1-0 (29) Lieske,A (1620)-Blauhut,A (1216) Playchess.com INT 2020}) 11. Bg3 Nh5 12. Kh1 Nf4 13. Bxf4 gxf4 14. Nh2 Kh7 15. Qh5 Qf6 16. Nd5 Bxd5 17. Bxd5 Qg6 18. Qxg6+ fxg6 19. c3 Rab8 20. b4 Ba7 21. a4 Ne7 22. Bb3 c5 23. Rac1 Rbc8 24. Kg1 b5 25. axb5 axb5 26. Ra1 Bb6 27. Ra6 Rb8 28. Nf3 cxb4 29. cxb4 Nc6 30. Rd1 Nxb4 31. Raa1 Nc6 32. Rd2 Rfc8 33. Rc2 {[%emt 0:01:18] [#]} (33. Be6 $17 {was worth a try.}) 33... Nb4 $1 34. Rxc8 Rxc8 35. Ne1 Rc3 36. Rb1 Nxd3 37. Nxd3 Rxd3 38. Bd5 h5 39. Kf1 Rd2 40. Rxb5 Rxf2+ 41. Ke1 Be3 42. h4 Rxg2 43. Rb8 (43. Rb7+ $19 Kh6 44. Bg8) 43... Rh2 44. Bg8+ Kg7 45. Bd5 Rxh4 46. Rd8 f3 47. Rd7+ Kh6 $19 48. Rxd6 Rh1# 0-1

[Event "DMP-III LIGA Senior PK 2020"]
[Site "Bystre"]
[Date "2020.07.08"]
[Round "1.19"]
[White "Kopczyk, Daniel"]
[Black "Czarnecki, Wojciech"]
[Result "*"]
[ECO "A80"]
[WhiteElo "2137"]
[BlackElo "1965"]
[Annotator "RC"]
[PlyCount "27"]
[EventDate "2020.07.05"]
[EventType "team-tourn"]
[EventCountry "POL"]
[SourceTitle "playchess.com"]
[Source "ChessBase"]
[SourceQuality "1"]
[TimeControl "5400+30"]

1. d4 f5 2. Nc3 Nf6 3. Bg5 e6 4. e4 fxe4 5. Nxe4 Be7 6. Bxf6 Bxf6 7. Nf3 O-O 8. Bd3 b6 9. Qe2 Bb7 10. O-O Nc6 11. c3 Qe7 12. Rfe1 Rae8 13. Rad1 Kh8 14. Bc2 *

[Event "DMP-III LIGA Senior PK 2020"]
[Site "Bystre"]
[Date "2020.07.08"]
[Round "1.22"]
[White "Biesiadecki, Adam"]
[Black "Szaro, Mariusz"]
[Result "1/2-1/2"]
[ECO "A84"]
[WhiteElo "1539"]
[BlackElo "1559"]
[Annotator "NA RC"]
[PlyCount "94"]
[EventDate "2020.07.05"]
[EventType "team-tourn"]
[EventCountry "POL"]
[SourceTitle "playchess.com"]
[Source "ChessBase"]
[SourceQuality "1"]
[TimeControl "5400+30"]

1. d4 e6 2. c4 f5 3. e4 fxe4 4. Nc3 Nf6 5. Bg5 Bb4 6. Nge2 O-O 7. d5 e5 8. a3 Be7 9. Bxf6 Bxf6 10. Nxe4 d6 11. N2g3 a5 12. Bd3 Qe8 13. Qc2 Qf7 14. Nxf6+ gxf6 15. Nf5 Kh8 16. O-O-O Na6 17. f4 Nc5 18. Rhf1 Nxd3+ 19. Qxd3 Bxf5 20. Qxf5 Qg6 21. Qh3 Qe4 22. Qd3 Qxd3 23. Rxd3 e4 24. Rb3 b6 25. f5 Rae8 26. Re3 Rg8 27. Rf2 Re5 28. h3 h5 29. Rfe2 Rg5 30. Rxe4 Rgxf5 31. g4 hxg4 32. hxg4 Rxe4 33. Rxe4 Re5 34. Rf4 Kg7 35. Kd2 Kg6 36. b4 axb4 37. axb4 Kg5 38. Rd4 Kh4 39. Kc2 Rg5 40. Rf4 Rxg4 41. Rxf6 Rxc4+ 42. Kb3 b5 43. Rg6 Rd4 44. Rg7 Rxd5 45. Rxc7 Kg4 46. Rf7 Rd3+ 47. Kc2 Rd4 1/2-1/2

[Event "DMP-III LIGA Senior PK 2020"]
[Site "Bystre"]
[Date "2020.07.08"]
[Round "1.24"]
[White "Krzyzanowska-Zadlo, Lidia"]
[Black "Kruczek, Aleksandra"]
[Result "1-0"]
[ECO "C65"]
[WhiteElo "1801"]
[BlackElo "1038"]
[Annotator "NA RC"]
[PlyCount "111"]
[EventDate "2020.07.05"]
[EventType "team-tourn"]
[EventCountry "POL"]
[SourceTitle "playchess.com"]
[Source "ChessBase"]
[SourceQuality "1"]
[TimeControl "5400+30"]

1. e4 e5 2. Nf3 Nc6 3. Bb5 Nf6 4. O-O Be7 5. d3 O-O 6. c3 a6 7. Bxc6 dxc6 8. Nxe5 Qd6 9. Nc4 Qd8 10. Qe2 b5 11. Ne3 c5 12. Nd2 Bb7 13. Nf5 Qd7 14. f3 Rfe8 15. Nb3 Rad8 16. Nxe7+ Qxe7 17. Be3 c4 18. dxc4 bxc4 19. Qxc4 Ra8 20. Rad1 Red8 21. Bg5 Rxd1 22. Rxd1 Rd8 23. Rd4 h6 24. Rxd8+ Qxd8 25. Bxf6 Qd1+ 26. Kf2 Qc2+ 27. Qe2 Qxe2+ 28. Kxe2 gxf6 29. Nc5 Bc8 30. Ke3 Kf8 31. b4 Ke7 32. Kd4 Kd6 33. a4 c6 34. a5 h5 35. h4 Kc7 36. Nd3 Kd6 37. Nf4 f5 38. e5+ Ke7 39. Nxh5 Kf8 40. Kc5 Bb7 41. Kb6 Bc8 42. Kxc6 Ke7 43. Nf4 Bd7+ 44. Kc5 f6 45. e6 Bxe6 46. Nxe6 Kxe6 47. f4 Kf7 48. b5 axb5 49. a6 b4 50. cxb4 Ke7 51. a7 Kd7 52. a8=Q Ke7 53. Qg8 Kd7 54. Qf7+ Kd8 55. Kc6 Kc8 56. Qc7# 1-0

[Event "DMP-III LIGA Senior PK 2020"]
[Site "Bystre"]
[Date "2020.07.08"]
[Round "1.25"]
[White "Zgoda, Damian"]
[Black "Miasik, Adrian"]
[Result "0-1"]
[ECO "D02"]
[WhiteElo "1672"]
[BlackElo "1881"]
[Annotator "NA RC"]
[PlyCount "42"]
[EventDate "2020.07.05"]
[EventType "team-tourn"]
[EventCountry "POL"]
[SourceTitle "playchess.com"]
[Source "ChessBase"]
[SourceQuality "1"]
[TimeControl "5400+30"]

1. d4 d5 2. Nf3 e6 3. c4 c5 4. g3 Nc6 5. Bg2 Nf6 6. O-O Be7 7. cxd5 exd5 8. dxc5 Bxc5 9. Qc2 Bb6 10. Nc3 O-O 11. Bg5 Be6 12. Rfd1 h6 13. Bf4 Rc8 14. h3 Qe7 15. Ne5 Nxe5 16. Bxe5 Bxh3 17. Bxh3 Qxe5 18. Bxc8 Qxg3+ 19. Kh1 Qh4+ 20. Kg2 Qxf2+ 21. Kh3 Bc7 0-1

[Event "DMP-III LIGA Senior PK 2020"]
[Site "Bystre"]
[Date "2020.07.08"]
[Round "1.28"]
[White "Ziemniak, Piotr"]
[Black "Mikula, Michal"]
[Result "*"]
[ECO "B27"]
[WhiteElo "1791"]
[BlackElo "1858"]
[Annotator "NA RC"]
[PlyCount "22"]
[EventDate "2020.07.05"]
[EventType "team-tourn"]
[EventCountry "POL"]
[SourceTitle "playchess.com"]
[Source "ChessBase"]
[SourceQuality "1"]
[TimeControl "5400+30"]

1. e4 c5 2. Nf3 g6 3. d4 cxd4 4. Nxd4 Bg7 5. Be3 Nf6 6. Nc3 Nc6 7. f3 O-O 8. Qd2 d5 9. Nxc6 bxc6 10. O-O-O Qa5 11. a3 Rb8 *

[Event "DMP-III LIGA Senior PK 2020"]
[Site "Bystre"]
[Date "2020.07.08"]
[Round "1.29"]
[White "Sygulski, Piotr"]
[Black "Wozniak, Grzegorz"]
[Result "1-0"]
[ECO "B73"]
[WhiteElo "1652"]
[BlackElo "1608"]
[Annotator "NA RC"]
[PlyCount "65"]
[EventDate "2020.07.05"]
[EventType "team-tourn"]
[EventCountry "POL"]
[SourceTitle "playchess.com"]
[Source "ChessBase"]
[SourceQuality "1"]
[TimeControl "5400+30"]

1. e4 c5 2. Ne2 Nc6 3. d4 cxd4 4. Nxd4 d6 5. Be2 Nf6 6. Nc3 g6 7. Be3 Bg7 8. O-O O-O 9. Kh1 a6 10. f4 Nxd4 11. Bxd4 b5 12. Bf3 Bb7 13. a3 Rc8 14. Qe1 Qd7 15. Rd1 Rfe8 16. Qh4 Bc6 17. f5 e5 18. Be3 gxf5 19. exf5 Bxf3 20. Rxf3 Rc4 21. Qh3 d5 22. Bh6 Bxh6 23. Qxh6 Ng4 24. Qg5+ Kh8 25. Rxd5 f6 26. Qh5 Qe7 27. b3 Rd4 28. h3 Rg8 29. hxg4 Rdxg4 30. Rf2 Qxa3 31. Rd7 Qc1+ 32. Nd1 h6 33. Rfd2 1-0

[Event "DMP-III LIGA Senior PK 2020"]
[Site "Bystre"]
[Date "2020.07.08"]
[Round "1.30"]
[White "Polak, Sylwia"]
[Black "Zgoda, Aleksandra"]
[Result "*"]
[ECO "A52"]
[WhiteElo "1614"]
[BlackElo "1203"]
[Annotator "NA RC"]
[PlyCount "49"]
[EventDate "2020.07.05"]
[EventType "team-tourn"]
[EventCountry "POL"]
[SourceTitle "playchess.com"]
[Source "ChessBase"]
[SourceQuality "1"]
[TimeControl "5400+30"]

1. d4 Nf6 2. c4 e5 3. dxe5 Ng4 4. e3 Nxe5 5. Nh3 Nbc6 6. Nc3 Be7 7. Be2 d6 8. Nf4 O-O 9. O-O Be6 10. Nfd5 a6 11. b3 Nb8 12. f4 Ned7 13. Nxe7+ Qxe7 14. f5 Qf6 15. Qd4 Ne5 16. fxe6 Qxe6 17. Nd5 Qd7 18. Bb2 Nbc6 19. Qh4 Rfe8 20. Bd3 h6 21. Bf5 Qd8 22. Qxd8 Raxd8 23. Nxc7 Re7 24. Nd5 Ree8 25. Rad1 *

[Event "DMP-III LIGA Senior PK 2020"]
[Site "Bystre"]
[Date "2020.07.09"]
[Round "2.1"]
[White "Stefanski, Robert"]
[Black "Miasik, Adrian"]
[Result "0-1"]
[ECO "A00"]
[WhiteElo "1649"]
[BlackElo "1881"]
[Annotator "NA"]
[PlyCount "72"]
[EventDate "2020.07.05"]
[EventType "team-tourn"]
[EventCountry "POL"]
[SourceTitle "playchess.com"]
[Source "ChessBase"]
[SourceQuality "1"]
[TimeControl "5400+30"]

1. e3 d5 2. d4 e6 3. c4 c5 4. Nf3 Nf6 5. Nc3 dxc4 6. Bxc4 a6 7. a4 Nc6 8. O-O Be7 9. d5 exd5 10. Nxd5 O-O 11. Nxe7+ Qxe7 12. Qe2 Bg4 13. Bd2 Ne4 14. Rad1 Rad8 15. h3 Bh5 16. g4 Bg6 17. Bc1 h5 18. Nd2 $2 (18. Rxd8 $17 Rxd8 19. Rd1) 18... Ne5 $19 19. Nxe4 Bxe4 20. f4 Rxd1 21. fxe5 Rxf1+ 22. Qxf1 Qxe5 23. Qf4 Qe7 24. gxh5 Rd8 25. Be2 Rd5 26. Bg4 Qe5 27. Qf2 b5 28. axb5 axb5 29. Qf4 b4 30. Kf2 Qxf4+ 31. exf4 Rd3 32. Be3 c4 33. Be2 Rb3 34. Bd4 c3 35. bxc3 bxc3 36. Ke3 c2+ 0-1

[Event "DMP-III LIGA Senior PK 2020"]
[Site "Bystre"]
[Date "2020.07.09"]
[Round "2.2"]
[White "Ciasnocha, Michal"]
[Black "Socha, Kamil"]
[Result "1-0"]
[ECO "E18"]
[WhiteElo "1795"]
[BlackElo "1817"]
[Annotator "NA"]
[PlyCount "79"]
[EventDate "2020.07.05"]
[EventType "team-tourn"]
[EventCountry "POL"]
[SourceTitle "playchess.com"]
[Source "ChessBase"]
[SourceQuality "1"]
[TimeControl "5400+30"]

1. d4 Nf6 2. Nf3 e6 3. g3 b6 4. Bg2 Bb7 5. O-O Be7 6. c4 O-O 7. Nc3 Ne4 8. Nxe4 Bxe4 9. Nh4 Bxg2 10. Nxg2 d6 11. e4 c5 12. d5 e5 {[%emt 0:04:14] [#]} 13. h4 $146 {[%emt 0:04:46] E18: Queen's Indian: Old Main Line (4 g3 Bb7 5 Bg2 Be7 6 0-0 0-0 7 Nc3).} ({Predecessor:} 13. Ne3 Bg5 14. Qh5 Bxe3 15. fxe3 Nd7 16. Bd2 a6 17. Rf3 g6 18. Qh6 Nf6 19. Qh4 Nh5 20. Qxd8 Rfxd8 {½-½ (49) Li,Z (2143)-Gardner,R (2198) Edmonton 2007}) 13... Nd7 14. Ne3 Nf6 15. Qf3 h5 16. Nf5 Ng4 17. Qd3 g6 18. Nxe7+ Qxe7 19. f3 Nf6 20. Bg5 Kg7 {[%emt 0:01:38] [#]} 21. f4 $1 Qd7 22. Bxf6+ Kxf6 23. fxe5+ Kg7 24. exd6 Qxd6 25. Rf4 Rfe8 26. Raf1 $18 f6 27. Qf3 Rf8 28. g4 hxg4 29. Rxg4 Rh8 30. Qf5 Rh6 31. h5 g5 32. e5 Qxe5 33. Rxg5+ Kh8 34. Qxe5 fxe5 35. Rxe5 Rg8+ 36. Kf2 Rh7 37. Ke3 Rhg7 38. d6 Rd7 39. Rf6 Rgd8 40. Ree6 1-0

[Event "DMP-III LIGA Senior PK 2020"]
[Site "Bystre"]
[Date "2020.07.09"]
[Round "2.3"]
[White "Stefanski, Adam"]
[Black "Babiarz, Arkadiusz"]
[Result "1/2-1/2"]
[ECO "D33"]
[WhiteElo "1387"]
[BlackElo "1840"]
[Annotator "NA"]
[PlyCount "74"]
[EventDate "2020.07.05"]
[EventType "team-tourn"]
[EventCountry "POL"]
[SourceTitle "playchess.com"]
[Source "ChessBase"]
[SourceQuality "1"]
[TimeControl "5400+30"]

1. c4 c5 2. Nc3 e6 3. Nf3 Nf6 4. g3 d5 5. cxd5 exd5 6. d4 $1 Nc6 7. Bg2 h6 8. O-O Be6 9. Bf4 Rc8 10. Na4 c4 11. Nc3 Bd6 12. Ne5 g5 13. Nxc6 bxc6 14. Bxd6 Qxd6 15. e4 dxe4 16. Nxe4 $11 Nxe4 17. Bxe4 O-O 18. Qd2 f5 19. Bf3 f4 20. g4 Bd5 21. Bxd5+ Qxd5 22. Rfe1 Qf3 23. Qe2 Qxe2 24. Rxe2 Rfe8 25. Rae1 Rxe2 26. Rxe2 Rd8 27. Re6 Rxd4 28. Rxc6 f3 29. h3 Rd1+ 30. Kh2 Rd2 31. Kg3 Rxb2 32. Rxc4 Rxa2 33. Rc7 a5 34. Ra7 Ra3 35. h4 gxh4+ 36. Kxh4 Ra4 37. Kg3 Ra3 1/2-1/2